 Dungeon Crawl Stone Soup version 0.24-a0-613-g1ff6aac338 (webtiles) character file.

Game seed: 9519729418012833649, levelgen mode: deterministic

51703 GordonOverkill the Slinger (level 14, 0/111 HPs)
             Began as a Barachi Fire Elementalist on Sept 11, 2019.
             Was a High Priest of Sif Muna.
             Killed by drain life
             ... invoked by a soul eater
             ... summoned by an obsidian statue
              (11 damage)
             ... on level 11 of the Dungeon on Sept 12, 2019.
             The game lasted 01:17:01 (28597 turns).

GordonOverkill the Slinger (BaFE)                  Turns: 28597, Time: 01:17:02

Health: 0/111      AC: 15    Str: 15    XL:     14   Next: 60%
Magic:  16/37      EV: 13    Int: 20    God:    Sif Muna [*****.]
Gold:   1125       SH:  7    Dex: 16    Spells: 7/33 levels left

rFire    + . .     SeeInvis .   e - +4 hunting sling (velocity)
rCold    . . .     Gourm    .   G - +2 buckler
rNeg     . . .     Faith    .   h - +1 leather armour {rF+}
rPois    +         Spirit   .   F - +2 helmet of the Learner {Str+3 Dex+2}
rElec    .         Reflect  .   L - +0 cloak {rPois}
rCorr    .         Harm     .   Q - +1 pair of gloves {Str+3}
MR       +....                  (no boots)
Stlth    +.........             q - amulet of magic regeneration
HPRegen  0.28/turn              j - +3 ring of protection
MPRegen  0.50/turn              N - ring of magical power

@: can't hop, very slightly contaminated, heavily drained, slow
A: +LOS, swims, slowness 1, strong legs 2
a: Hop, Channel Magic, Forget Spell, Divine Exegesis, Renounce Religion


You were on level 11 of the Dungeon.
You worshipped Sif Muna.
Sif Muna was extremely pleased with you.
You were not hungry.

You visited 2 branches of the dungeon, and saw 17 of its levels.
You also visited: Sewer.

You collected 1300 gold pieces.
You spent 175 gold pieces at shops.

Inventory:

Hand Weapons
 d - a +0 trident
 e - a +4 hunting sling of velocity (weapon)
 W - a +0 fustibalus
Missiles
 b - 4 throwing nets
 i - 310 stones (quivered)
 x - 25 sling bullets
Armour
 h - a +1 leather armour of fire resistance (worn)
 B - the +3 leather armour of Soza {+Fly rPois rCorr Int-3}
   (You found it on level 6 of the Lair of Beasts)

   It affects your intelligence (-3).
   It protects you from poison.
   It lets you fly.
   It provides partial protection from all sources of acid and corrosion.
 F - the +2 helmet of the Learner (worn) {Str+3 Dex+2}
   (You found it on level 8 of the Dungeon)

   It affects your strength (+3).
   It affects your dexterity (+2).
 G - a +2 buckler (worn)
 L - a +0 cloak of poison resistance (worn)
 Q - a +1 pair of gloves of strength (worn)
Jewellery
 g - an uncursed ring of see invisible
 j - a +3 ring of protection (left hand)
 q - an amulet of magic regeneration (around neck)
 r - an uncursed ring of protection from magic
 I - an uncursed amulet of the acrobat
 N - a ring of magical power (right hand)
 O - an uncursed ring of fire
 R - a cursed ring of protection from magic
 V - a +4 ring of evasion {unknown}
Wands
 f - a wand of iceblast (22)
 k - a wand of enslavement (7)
 t - a wand of acid (1)
 A - a wand of paralysis (1)
 K - a wand of flame (43)
 P - a wand of disintegration (27)
Scrolls
 m - 4 scrolls of amnesia
 n - 6 scrolls of fear
 o - 3 scrolls of magic mapping
 s - 5 scrolls of teleportation
 v - 3 scrolls of blinking
 y - 8 scrolls of remove curse
 J - a scroll of immolation
 M - 2 scrolls of fog
Potions
 a - a potion of brilliance
 l - a potion of might
 p - a potion of berserk rage
 u - 2 potions of flight
 w - 10 potions of curing
 z - 4 potions of magic
 C - 3 potions of heal wounds
 D - 2 potions of mutation
 E - 2 potions of agility
 H - a potion of resistance
 S - a potion of invisibility
Comestibles
 c - 28 rations


   Skills:
 + Level 10.5(8.8) Fighting
 - Level 12.0(10.3) Slings
 - Level 11.0(9.3) Armour
 + Level 4.3(2.9) Dodging
 - Level 2.0(0.6) Stealth
 - Level 5.0(3.6) Shields
 + Level 10.3(8.7) Spellcasting
 + Level 10.4(8.7) Conjurations
 + Level 10.4(8.7) Fire Magic
 + Level 4.7(3.3) Invocations


You had 7 spell levels left.
You knew the following spells:

 Your Spells              Type           Power        Failure   Level  Hunger
a - Flame Tongue          Conj/Fire      #####        1%          1    None
b - Conjure Flame         Conj/Fire      #####...     1%          3    None
c - Sticky Flame          Conj/Fire      #####...     2%          4    ###....
d - Fireball              Conj/Fire      #####.....   8%          5    #####..
e - Bolt of Fire          Conj/Fire      #####.....   38%         6    ######.
f - Orb of Destruction    Conj           #####.....   92%         7    #######

Your spell library contained the following spells:

 Spells                   Type           Power        Failure   Level  Hunger
 Magic Dart               Conj           ####         1%          1    None
 Shock                    Conj/Air       ####         1%          1    None
 Sting                    Conj/Pois      ####         1%          1    None
 Throw Flame              Conj/Fire      #####.       1%          2    None
 Inner Flame              Hex/Fire       ####....     4%          3    None
 Mephitic Cloud           Conj/Pois/Air  ###.....     9%          3    None
 Confusing Touch          Hex            #.....       10%         1    None
 Summon Small Mammal      Summ           #...         10%         1    None
 Call Imp                 Summ           #.......     14%         2    None
 Song of Slaying          Chrm           #.......     14%         2    None
 Bolt of Magma            Conj/Fire/Erth ####......   24%         5    #####..
 Call Canine Familiar     Summ           #.......     28%         3    None
 Spider Form              Tmut/Pois      #.........   28%         3    None
 Summon Guardian Golem    Hex/Summ       #.......     28%         3    None
 Iskenderun's Battlesphe  Conj/Chrm      ####....     41%         5    #####..
 Summon Ice Beast         Ice/Summ       #.......     67%         4    ###....
 Summon Lightning Spire   Summ/Air       #.......     67%         4    ###....
 Poison Arrow             Conj/Pois      ####......   94%         6    ######.
 Chain Lightning          Conj/Air       ####......   100%        8    #######


Dungeon Overview and Level Annotations

Branches:
Dungeon (11/15)            Temple (0/1) D:7            Lair (6/6) D:10
  Swamp (0/4) Lair:3        Snake (0/4) Lair:2        Slime (0/5) Lair:6
    Orc (0/2) D:10          Sewer (visited)

Altars:
Ashenzari
Cheibriados
Dithmenos
Elyvilon
Fedhas
Makhleb
Qazlal
Sif Muna
Uskayaw
Vehumet
Xom
Zin
The Shining One
Jiyva

Shops:
D:5 *   D:8 ?

Annotations:
D:11 exclusion: obsidian statue
Lair:4 3 runed translucent doors, Melior's ghost, journeyman GnWz


Innate Abilities, Weirdness & Mutations

Shadows flee at your approach. (+LOS)
You can swim through water.
You cover ground slowly.
You can hop long distances.


Message History

* * * LOW HITPOINT WARNING * * *
The soul eater is healed.
Casting: Flame Tongue (safe; 1% risk of failure)
Confirm with . or Enter, or press ? or * to list all spells.
Aiming: Flame Tongue (safe; 1% risk of failure)
Press: ? - help, Shift-Dir - straight line, f/p - soul eater
Aim: a soul eater (steam, water, heavily wounded, summoned)
The flame tongue hits the soul eater but does no damage.
The soul eater is heavily wounded.
The soul eater is engulfed in a cloud of scalding steam.
The soul eater draws from the surrounding life force!
* * * LOW HITPOINT WARNING * * *
The soul eater is healed.
Hop to where?
Press: ? - help, Dir - move target cursor, p - soul eater Floosh!
Boing!
Unknown command.
The soul eater draws from the surrounding life force!
You die...

#≈≈≈3#
#..................
##≈○≈##
##≈.........######..
##≈≈≈###≈..........# #..
##≈≈≈##≈≈≈........# #..
#≈≈≈≈≈≈≈.........######..
##≈≈≈≈≈≈≈................
###≈≈≈≈≈≈...............
##≈≈≈≈≈≈......######..
#≈≈≈@≈≈.###..# #..
##≈≈≈≈..# #..# #..
#≈≈≈≈..# #..######..
##≈≈≈..# #..........
#≈....# #..........
#≈....###..######..
####.......# #..
#.......# #.. #..###..#
#..


You could see a soul eater.

Vanquished Creatures
  An entropy weaver (Lair:5)
  A fire dragon (Lair:6)
  Snorg (D:10)
  Harold (Lair:2)
  5 hydras
  A catoblepas (Lair:5)
  8 death yaks
  A two-headed ogre (D:8)
  A queen ant (Lair:5)
  Sonja (Lair:6)
  A swamp dragon (Lair:6)
  A lindwurm (Lair:6)
  A manticore (D:11)
  An elephant (Lair:5)
  Maurice (D:10)
  9 black mambas
  Psyche (D:9)
  16 spiny frogs
  4 rime drakes (Lair:4)
  4 komodo dragons
  3 trolls (D:10)
  Grinder (D:4)
  A queen bee (D:9)
  4 hippogriffs
  22 blink frogs
  A shadow (D:11)
  A vampire (D:9)
  A wyvern (Lair:5)
  2 basilisks (Lair:6)
  39 yaks
  A hungry ghost (D:11)
  3 steam dragons (Lair:6)
  Grum (D:10)
  2 wargs (D:10)
  20 soldier ants
  4 swamp worms (Lair:3)
  11 water moccasins
  2 nagas (Lair:2)
  2 acid dragons (Lair:6)
  2 ice beasts
  6 porcupines
  Purgy (Sewer)
  A swamp drake (Lair:5)
  5 orc warriors
  5 sky beasts
  3 phantoms
  2 wolves (D:10)
  5 ogres
  A necrophage (D:10)
  5 centaurs
  8 crocodiles
  16 bullfrogs
  3 scorpions
  8 wights
  24 killer bees (D:9)
  5 electric eels
  6 howler monkeys
  7 crimson imps
  A bullfrog zombie (D:5)
  6 hounds
  A bullfrog skeleton (D:7)
  6 orc priests
  A jelly (D:7)
  12 orc wizards
  2 centaur skeletons
  3 iguanas (Lair:6)
  20 worker ants
  7 gnolls
  A howler monkey skeleton (D:4)
  17 adders
  A shadow imp (D:10)
  12 white imps
  An ooze (D:2)
  5 adder skeletons
  An adder zombie (D:8)
  2 worms
  4 dart slugs
  6 leopard geckos
  31 orcs
  3 giant cockroaches
  6 goblins
  5 hobgoblins
  3 jackals (D:9)
  7 kobolds
  5 quokkas
  4 ball pythons
  11 bats
  7 frilled lizards
  6 rats
491 creatures vanquished.

Vanquished Creatures (others)
  An orc wizard (D:7)
  8 fungi (Lair:6)
  17 plants
26 creatures vanquished.

Grand Total: 517 creatures vanquished

Notes
Turn   | Place    | Note
-------+----------+-------------------------------------------
     0 | D:1      | GordonOverkill the Barachi Fire Elementalist began the
                  | quest for the Orb.
     0 | D:1      | Reached XP level 1. HP: 13/13 MP: 3/3
   204 | D:1      | Reached XP level 2. HP: 8/19 MP: 0/5
   739 | D:1      | Reached XP level 3. HP: 24/24 MP: 6/6
  1298 | D:2      | Reached skill level 1 in Armour
  1460 | D:2      | Reached XP level 4. HP: 30/30 MP: 4/8
  1569 | D:2      | Reached skill level 1 in Slings
  1948 | D:2      | Found a radiant altar of Vehumet.
  1948 | D:2      | Found a burning altar of Makhleb.
  2037 | D:2      | Reached XP level 5. HP: 35/35 MP: 9/9
  2604 | D:3      | Noticed Grinder
  2731 | D:4      | Learned a level 3 spell: Conjure Flame
  2736 | D:4      | Learned a level 4 spell: Sticky Flame
  2901 | D:4      | Paralysed by Grinder for 4 turns
  2933 | D:4      | Killed Grinder
  2933 | D:4      | Reached skill level 2 in Slings
  2933 | D:4      | Reached XP level 6. HP: 18/41 MP: 1/11
  3434 | D:4      | Reached XP level 7. HP: 37/46 MP: 9/12
  3555 | D:4      | Reached skill level 3 in Slings
  4376 | D:4      | Reached skill level 1 in Fighting
  5050 | D:5      | Entered Level 5 of the Dungeon
  5057 | D:5      | Reached XP level 8. HP: 56/56 MP: 9/14
  5185 | D:5      | Reached skill level 4 in Slings
  5229 | D:5      | Reached skill level 5 in Armour
  5229 | D:5      | Reached skill level 5 in Conjurations
  5307 | D:5      | Found Bunum's General Store.
  5769 | D:5      | Found a blossoming altar of Fedhas.
  6364 | D:6      | Reached skill level 5 in Fighting
  6643 | D:6      | Reached XP level 9. HP: 68/68 MP: 11/15
  6750 | D:6      | Found a glowing drain.
  6765 | Sewer    | Entered a sewer
  6813 | Sewer    | Noticed Purgy
  6846 | Sewer    | Killed Purgy
  7090 | D:6      | Reached skill level 5 in Fire Magic
  7233 | D:6      | Reached skill level 5 in Spellcasting
  8517 | D:7      | Found a hide-covered altar of Uskayaw.
  8522 | D:7      | Found a glowing silver altar of Zin.
  8522 | D:7      | Found a stormy altar of Qazlal.
  8524 | D:7      | Found a shattered altar of Ashenzari.
  8525 | D:7      | Found a white marble altar of Elyvilon.
  8526 | D:7      | Found a shimmering altar of Xom.
  8527 | D:7      | Found a shadowy altar of Dithmenos.
  8571 | D:7      | Found a staircase to the Ecumenical Temple.
  8817 | D:7      | Found a snail-covered altar of Cheibriados.
  8893 | D:7      | Found a shimmering blue altar of Sif Muna.
  8910 | D:7      | Identified Sif Muna's Handbook of Malediction
  8920 | D:7      | Became a worshipper of Sif Muna the Loreminder
  9026 | D:8      | Reached skill level 1 in Shields
  9026 | D:8      | Reached XP level 10. HP: 59/76 MP: 11/20
  9151 | D:7      | Reached skill level 5 in Slings
  9363 | D:8      | Noticed a two-headed ogre
  9372 | D:8      | Killed a two-headed ogre
  9372 | D:8      | Reached skill level 5 in Shields
  9519 | D:8      | Found Voal's Magic Scroll Boutique.
  9531 | D:8      | Bought a scroll of enchant weapon for 82 gold pieces
  9531 | D:8      | Bought a scroll of teleportation for 33 gold pieces
  9531 | D:8      | Bought a scroll of fog for 22 gold pieces
  9531 | D:8      | Bought a scroll of fear for 38 gold pieces
  9688 | D:8      | Got a steaming helmet
  9781 | D:8      | Identified the +2 helmet of the Learner {Str+3 Dex+2} (You
                  | found it on level 8 of the Dungeon)
  9926 | D:7      | Reached skill level 1 in Invocations
 10128 | D:9      | Noticed Psyche
 10136 | D:9      | Killed Psyche
 10406 | D:9      | Reached * piety under Sif Muna
 10548 | D:9      | Reached skill level 6 in Slings
 11348 | D:9      | Reached XP level 11. HP: 70/84 MP: 1/21
 11946 | D:9      | Found a blossoming altar of Fedhas.
 11946 | D:9      | Found a glowing golden altar of the Shining One.
 12106 | D:9      | Reached ** piety under Sif Muna
 12226 | D:10     | Entered Level 10 of the Dungeon
 12421 | D:9      | Learned a level 5 spell: Fireball
 12435 | D:9      | Reached skill level 7 in Slings
 12715 | D:10     | Noticed Grum
 12768 | D:10     | Found a staircase to the Orcish Mines.
 13002 | D:10     | Noticed Snorg
 13103 | D:10     | Killed Snorg
 13103 | D:10     | Reached skill level 8 in Slings
 13450 | D:10     | Found a staircase to the Lair.
 13476 | D:10     | Killed Grum
 13700 | D:10     | Noticed Maurice
 13717 | D:10     | Killed Maurice
 14331 | D:10     | Reached *** piety under Sif Muna
 14639 | D:10     | Reached skill level 9 in Slings
 14840 | D:10     | Reached skill level 10 in Fighting
 15075 | D:11     | Reached XP level 12. HP: 97/97 MP: 17/22
 15316 | D:11     | Reached skill level 10 in Slings
 16415 | Lair:1   | Entered Level 1 of the Lair of Beasts
 16465 | Lair:1   | Noticed a six-headed hydra
 16474 | Lair:1   | Killed a six-headed hydra
 16763 | Lair:1   | Reached **** piety under Sif Muna
 17222 | Lair:2   | Noticed a seven-headed hydra
 17230 | Lair:1   | Killed a seven-headed hydra
 17660 | Lair:2   | Noticed a six-headed hydra
 17677 | Lair:2   | Killed a six-headed hydra
 17822 | Lair:2   | Found a staircase to the Snake Pit.
 18069 | Lair:2   | Noticed Harold
 18116 | Lair:2   | Killed Harold
 18116 | Lair:2   | Reached skill level 10 in Armour
 18839 | Lair:3   | Gained mutation: You can hop long distances. [Barachi
                  | growth]
 18839 | Lair:3   | Reached XP level 13. HP: 95/103 MP: 7/26
 19136 | Lair:3   | Reached skill level 10 in Spellcasting
 19494 | Lair:3   | Found a staircase to the Swamp.
 20658 | Lair:4   | Reached ***** piety under Sif Muna
 21619 | Lair:4   | Identified Sinkoxt's Volume of Attacks (Sif Muna gifted it
                  | to you on level 4 of the Lair of Beasts)
 21619 | Lair:4   | Received a gift from Sif Muna
 21619 | Lair:4   | Reached skill level 10 in Conjurations
 21636 | Lair:4   | Learned a level 6 spell: Bolt of Fire
 21668 | Lair:4   | Found a runed translucent gate.
 21677 | Lair:4   | Found a runed translucent gate.
 21677 | Lair:4   | Found a runed translucent gate.
 21822 | Lair:4   | Noticed Melior's ghost (journeyman GnWz)
 22078 | Lair:5   | Learned a level 7 spell: Orb of Destruction
 22969 | Lair:5   | You fall into a shaft and drop 1 floor!
 22969 | Lair:6   | Entered Level 6 of the Lair of Beasts
 22986 | Lair:6   | Found a viscous altar of Jiyva.
 22986 | Lair:6   | Found a staircase to the Slime Pits.
 23304 | Lair:6   | Reached skill level 11 in Slings
 23362 | Lair:6   | Found a frozen archway.
 23895 | Lair:5   | Reached XP level 14. HP: 107/110 MP: 17/28
 24819 | Lair:6   | Got a shimmering leather armour
 24830 | Lair:6   | Identified the +3 leather armour of Soza {+Fly rPois rCorr
                  | Int-3} (You found it on level 6 of the Lair of Beasts)
 24902 | Lair:6   | Reached skill level 10 in Fire Magic
 25034 | Lair:6   | Reached skill level 12 in Slings
 25347 | Lair:6   | Noticed Sonja
 25364 | Lair:6   | Killed Sonja
 25641 | Lair:6   | Identified Sif Muna's Volume of Boosting Poison (Sif Muna
                  | gifted it to you on level 6 of the Lair of Beasts)
 25641 | Lair:6   | Received a gift from Sif Muna
 25914 | Lair:6   | Noticed an entropy weaver
 25914 | Lair:6   | Noticed an entropy weaver
 25955 | Lair:5   | Killed an entropy weaver
 27945 | Lair:6   | Identified a scroll of acquirement
 28597 | D:11     | Killed from afar by a soul eater

Levels and vault maps discovered:
D:1:      saegor_arrival_simple_e, layout_loops_ring
D:2:      layout_rooms, gammafunk_temple_overflow_wave, first_ration
D:3:      layout_basic, uniq_grinder
D:4:      layout_basic
D:5:      layout_loops_cross, serial_shops, nicolae_shop_statue_plus,
          fedhas_altar_3
D:6:      layout_basic, cheibrodos_sewer_entry_drain
D:7:      layout_rooms, lemuel_round_altar, minitemple, led_sif_book,
          minmay_temple_entry_glassed_door
D:8:      layout_cave_pools, serial_shops, shop
D:9:      layout_cave_pods, gammafunk_temple_overflow_elements, special_room
          [special_room_bee], uniq_psyche
D:10:     layout_long_grid, erik_lair_orcish_takeover, uniq_maurice, uniq_grum,
          uniq_snorg
D:11:     statuecave_lemuel, layout_small_grid
Lair:1:   layout_gridlike, chequers_serial_rivers_micro_d
Lair:2:   layout_cave_pods, guppyfry_snake_entry_island,
          infiniplex_staircase_pool, uniq_harold
Lair:3:   layout_long_grid, nicolae_swamp_entry_splash_gauntlet
Lair:4:   layout_gridlike, gammafunk_ghost_icy, minmay_lair_drake_nest,
          grunt_megastairs_1
Lair:5:   layout_long_grid, beast_lair_carwin_8
Lair:6:   guppyfry_lair_end_dragon, layout_regular_city, slime_altar_1,
          portal_ice_cave_entry_imps, zaba_antful_of_joy, uniq_sonja

Skill      XL: |  1  2  3  4  5  6  7  8  9 10 11 12 13 14 |
---------------+-------------------------------------------+-----
Stealth        | 2 |  2.0
Armour         | 1 3 4 6 7 10 11 | 11.0
Conjurations   | 2 3 4 5 6 7 10 | 10.4
Dodging        | 3 4 |  4.3
Slings         | 1 2 3 4 6 9 10 11 12 | 12.0
Spellcasting   | 3 4 6 7 9 10 | 10.3
Fire Magic     | 4 6 7 9 10 | 10.4
Fighting       | 1 5 6 7 10 | 10.5
Shields        | 1 5 |  5.0
Invocations    | 4 |  4.7

Action                   |  1- 3 |  4- 6 |  7- 9 | 10-12 | 13-15 || total
-------------------------+-------+-------+-------+-------+-------++-------
Melee: Spear             |     8 |       |       |       |       ||     8
       Hunting sling     |       |       |       |     1 |       ||     1
 Fire: Hunting sling     |    31 |   102 |   230 |   552 |   369 ||  1284
 Cast: Flame Tongue      |    31 |    32 |   175 |   267 |   272 ||   777
       Sticky Flame      |       |       |     5 |    98 |   113 ||   216
       Conjure Flame     |       |       |     4 |    47 |    31 ||    82
       Bolt of Fire      |       |       |       |       |    31 ||    31
       Fireball          |       |       |       |       |    19 ||    19
 Abil: Hop               |       |       |     1 |    10 |     4 ||    15
Evoke: Wand              |       |       |     2 |    11 |    15 ||    28
  Use: Scroll            |       |     6 |    12 |     8 |    11 ||    37
       Potion            |       |     1 |       |       |     1 ||     2
  Eat: Chunk             |     2 |     5 |    13 |    28 |    30 ||    78
       Ration            |       |     1 |     2 |     5 |     7 ||    15
Armor: Robe              |     5 |       |       |       |       ||     5
       Leather armour    |     3 |     6 |    35 |   131 |    79 ||   254
       Skin              |       |     6 |       |       |       ||     6
Dodge: Dodged            |    16 |    23 |    76 |   292 |   132 ||   539
Block: Buckler           |       |       |       |   187 |    76 ||   263

Table legend:
 A = Non-vault XP
 B = Vault XP
 C = Vault XP percentage of total XP
 D = Non-vault monster count
 E = Vault monster count
 F = Vault count percentage of total count
                 A         B        C        D         E       F
            +---------+---------+-------+---------+---------+-------
      Total |   48942 |   24920 |  33.7 |     359 |     132 |  26.9
            +---------+---------+-------+---------+---------+-------
        D:1 |      39 |       0 |   0.0 |      21 |       0 |   0.0
        D:2 |     127 |       0 |   0.0 |      26 |       0 |   0.0
        D:3 |      59 |       0 |   0.0 |      14 |       0 |   0.0
        D:4 |     679 |     286 |  29.6 |      36 |       1 |   2.7
        D:5 |     625 |       0 |   0.0 |      11 |       0 |   0.0
        D:6 |     889 |       2 |   0.2 |      17 |       2 |  10.5
        D:7 |    1878 |      40 |   2.1 |      25 |       1 |   3.8
        D:8 |    1650 |       0 |   0.0 |      16 |       0 |   0.0
        D:9 |    2357 |    2191 |  48.2 |      22 |      26 |  54.2
       D:10 |    4238 |    2676 |  38.7 |      40 |      15 |  27.3
       D:11 |    2715 |       0 |   0.0 |      20 |       0 |   0.0
     Lair:1 |    4655 |       0 |   0.0 |      15 |       0 |   0.0
     Lair:2 |    4001 |    1337 |  25.0 |      14 |       3 |  17.6
     Lair:3 |    3175 |     701 |  18.1 |      17 |       5 |  22.7
     Lair:4 |    4977 |    2788 |  35.9 |      15 |       6 |  28.6
     Lair:5 |    7593 |    7818 |  50.7 |      26 |      15 |  36.6
     Lair:6 |    9285 |    6912 |  42.7 |      24 |      50 |  67.6
      Sewer |       0 |     169 | 100.0 |       0 |       8 | 100.0
            +---------+---------+-------+---------+---------+-------
